 Dungeon Crawl Stone Soup version 0.30-a0-743-gbfdf073431 (webtiles) character file.

Game seed: 17871456547433699311

53264 browni3141 the Fighter (level 14, -3/120 HPs)
             Began as a Mummy Cinder Acolyte on Feb 8, 2023.
             Was a Priest of Ignis.
             Slain by a sun demon (6 damage)
             ... summoned by an obsidian statue
             ... on level 5 of the Lair of Beasts.
             The game lasted 00:44:17 (18211 turns).

browni3141 the Fighter (Mummy Cinder Acolyte)      Turns: 18211, Time: 00:44:18

Health: -3/120     AC: 18    Str: 32    XL:     14   Next: 30%
Magic:  30/30      EV: 15    Int: 18    God:    Ignis [***...]
Gold:   375        SH:  0    Dex:  8    Spells: 35/37 levels left

rFire   + . .      SeeInvis .    b - +2 war axe (freeze)
rCold   + + .      Faith    +    (no shield)
rNeg    + + +      Spirit   .    L - +3 chain mail of the Engineer {Str+4 Slay+6}
rPois   ∞          Reflect  .    T - +0 helmet of Fun and Games {Str+5}
rElec   .          Harm     .    (no cloak)
rCorr   .          Rampage  .    p - +0 pair of gloves
Will    ++...                    H - +0 pair of boots of Zusur {rC+ rN+ Will+} Stlth
                                 w - amulet of regeneration
HPRegen 1.20/turn                x - ring of Xoyczamm {rF+ Str+6}
MPRegen 0.22/turn                R - +5 ring of evasion

@: about to teleport, weakened, mesmerised
A: cold resistance 1, negative energy resistance 3, torment resistance 2, heat
vulnerability 1, in touch with death 2, no potions, faith
a: Renounce Religion, Fiery Armour, Foxfire Swarm, Rising Flame


You were on level 5 of the Lair of Beasts.
You worshipped Ignis.
Ignis was most pleased with you.
You visited 2 branches of the dungeon, and saw 15 of its levels.
You also visited: Ossuary and Bailey.

You collected 974 gold pieces.
You spent 599 gold pieces at shops.

Inventory:

Hand Weapons
 a - a -1 hand axe of flaming
 b - a +2 war axe of freezing (weapon)
 c - a +0 whip
 d - a +1 dagger of draining
 m - a +0 war axe
Missiles
 e - 20 boomerangs
 i - 3 curare-tipped darts
 n - 3 throwing nets
 u - 15 poisoned darts
 G - 4 atropa-tipped darts
 Y - 4 datura-tipped darts
Armour
 h - a +0 helmet
 p - a +0 pair of gloves (worn)
 q - a +2 leather armour of poison resistance
 v - a +0 robe
 D - +0 acid dragon scales
 H - the +0 pair of boots of Zusur (worn) {rC+ rN+ Will+}
   (You bought it in a shop on level 1 of the Dungeon)

   rC:        It protects you from cold.
   rN:        It protects you from negative energy.
   Will:      It increases your willpower.
 L - the +3 chain mail of the Engineer (worn) {Str+4 Slay+6}
   (You found it in a bailey)

   Str:       It affects your strength (+4).
   Slay:      It affects your accuracy & damage with ranged weapons and melee
   (+6).
 M - a +2 ring mail of poison resistance
 N - a +2 scale mail of fire resistance
 O - a +2 plate armour of cold resistance
 T - the +0 helmet of Fun and Games (worn) {Str+5}
   (You bought it in a shop on level 1 of the Dungeon)

   Str:       It affects your strength (+5).
Magical Staves
 K - a staff of fire
Jewellery
 o - a +6 ring of strength
 s - a ring of see invisible
 t - a ring of wizardry
 w - an amulet of regeneration (around neck)
 x - the ring of Xoyczamm (left hand) {rF+ Str+6}
   (You found it on level 6 of the Dungeon)

   [ring of strength]

   Str:       It affects your strength (+6).
   rF:        It protects you from fire.
 E - a ring of wizardry
 J - a ring of ice
 Q - an amulet of reflection
 R - a +5 ring of evasion (right hand)
 U - a ring of wizardry
 X - a ring of flight
Wands
 y - a wand of flame (5)
 P - a wand of acid (2)
Scrolls
 f - 8 scrolls of identify
 g - a scroll of poison
 j - 6 scrolls of fog
 k - a scroll of enchant weapon
 l - 5 scrolls of teleportation
 r - a scroll of magic mapping
 z - 3 scrolls of vulnerability
 A - 3 scrolls of enchant armour
 B - 5 scrolls of amnesia
 C - a scroll of noise
 F - a scroll of brand weapon
 I - 3 scrolls of immolation
 S - a scroll of torment
 V - a scroll of silence
Miscellaneous
 W - a phantom mirror


   Skills:
 - Level 14.0 Fighting
 * Level 11.4 Axes
 - Level 10.0 Armour
 - Level 5.0 Dodging
 - Level 12.0 Spellcasting
 - Level 2.4 Fire Magic
 - Level 4.0 Evocations


You had 35 spell levels left.
You knew the following spells:

 Your Spells              Type           Power      Damage    Failure   Level
a - Scorch                Fire           38%        2d6       14%         2

Your spell library contained the following spells:

 Spells                   Type           Power      Damage    Failure   Level
 Apportation              Tloc           20%        N/A       24%         1
 Necrotise                Necr           96%        1d8       24%         1
 Summon Small Mammal      Summ           40%        N/A       24%         1
 Lesser Beckoning         Tloc           20%        N/A       34%         2
 Gell's Gravitas          Tloc           10%        N/A       56%         3
 Teleport Other           Tloc           10%        N/A       56%         3
 Tukima's Dance           Hex            10%        N/A       56%         3
 Vampiric Draining        Necr           24%        2d7       56%         3
 Passage of Golubria      Tloc           10%        N/A       93%         4
 Summon Lightning Spire   Summ/Air       10%        N/A       93%         4
 Agony                    Necr           24%        N/A       100%        5
 Alistair's Intoxication  Tmut/Pois      6%         N/A       100%        5
 Freezing Cloud           Conj/Ice/Air   5%         6-21      100%        5
 Silence                  Hex/Air        5%         N/A       100%        5
 Yara's Violent Unravell  Hex/Tmut       5%         3d4       100%        5
 Simulacrum               Ice/Necr       12%        N/A       100%        6
 Lehudib's Crystal Spear  Conj/Erth      5%         10d3      100%        8
 Maxwell's Capacitive Co  Air            5%         ∞         100%        8
 Polar Vortex             Ice            5%         N/A       100%        9
 Storm Form               Tmut/Air       Unusable   N/A       N/A         7

Dungeon Overview and Level Annotations

Branches:
Dungeon (10/15)            Temple (0/1) D:5            Lair (5/5) D:9
  Swamp (0/4) Lair:3        Snake (0/4) Lair:2        Slime (0/5) Lair:5
Ossuary (visited)          Bailey (visited)
    Orc: D:9-12

Altars:
Ashenzari
Cheibriados
Fedhas
Gozag
Kikubaaqudgha
Makhleb
Nemelex Xobeh
Okawaru
Qazlal
Ru
Trog
Vehumet
Yredelemnul

Shops:
D:1 :*[[   D:5 *

Annotations:
D:6 3 runed translucent doors, exclusion: 3 doors, SirDiesAlot's ghost, novice DsAr; hikkokomori's ghost, novice DsGl
D:10 Snorg
Lair:1 exclusion: 4 oklob plants
Lair:4 2 runed translucent doors, Ithra's ghost, journeyman OgTm
Lair:5 exclusion: obsidian statue


Innate Abilities, Weirdness & Mutations

You are immune to poison.
Your flesh is cold resistant. (rC+)
You are immune to negative energy. (rN+++)
You are immune to unholy pain and torment.
You are vulnerable to heat. (rF-)
You are strongly in touch with the powers of death.
You do not drink.
You have a special connection with the divine. (Faith)


Message History

You slash the sun demon! You freeze the sun demon!
You closely miss the ice devil. You hit the sun demon but do no damage.
You hit the iron imp but do no damage.
The ice devil hits you but does no damage.
The sun demon closely misses you. The sun demon misses you.
You slice the obsidian statue!! You freeze the obsidian statue.
The obsidian statue is heavily damaged.
You hit the iron imp. You freeze the iron imp. You closely miss the sun demon.
You barely miss the ice devil. You closely miss the sun demon.
The ice devil barely misses you. The sun demon closely misses you.
The iron imp hits you but does no damage.
The sun demon hits you!!
* * * LOW HITPOINT WARNING * * *
You are engulfed in flames.
You resist.
* * * LOW HITPOINT WARNING * * *
You slash the obsidian statue!
The obsidian statue is severely damaged.
You hit the ice devil. You closely miss the sun demon. You hit the iron imp.
You hit the sun demon. You freeze the sun demon.
The obsidian statue's eyes glow briefly.
The obsidian statue attempts to bespell you!
You are mesmerised by the obsidian statue!
The sun demon hits you.
* * * LOW HITPOINT WARNING * * *
You are engulfed in flames!
You resist.
* * * LOW HITPOINT WARNING * * *
The ice devil misses you.
The sun demon hits you but does no damage.
The iron imp barely misses you.
Okay, then.
Unknown command.
Unknown command.
Aiming: Corrosive Bolt
Press: ? - help, Shift-Dir - straight line, f - obsidian statue
Aim: an obsidian statue (severely damaged, mesmerising, 100% to hit)
The bolt of acid hits the obsidian statue!
The acid corrodes the obsidian statue!
The obsidian statue is almost destroyed.
The sun demon hits you.
You die...

#### ♣♣##..#####
##♣♣.........#
#P♣P.........##
##334.##.#..#..#
#55@♣♣####'÷#''#####
#♣8♣♣ #8..#....8##
##+# #...#.....'.
##)# #.#.####.8#.
#########'#...P####.
####8.....####....#~
#).....# ####.##
#8..PP.##♣♣###.|.
###########♣....###.


You could see an obsidian statue (mesmerising, corroded), 2 sun demons, an ice
devil (summoned), an iron imp (summoned) and a shadow imp (summoned).

Vanquished Creatures
  3 dire elephants (Lair:5)
  6 hydras
  Harold (D:9)
  Erica (D:9)
  2 two-headed ogres (D:9)
  14 death yaks
  3 spectral death yaks (Lair:5)
  A spectral anaconda (Lair:5)
  A bog body (Lair:3)
  Pikel (D:6)
  3 necromancers (Lair:5)
  14 elephants
  7 black mambas
  A dire elephant zombie (Lair:5)
  Joseph (D:9)
  A torpor snail (Lair:4)
  A gargoyle (Bailey)
  9 cane toads
  2 rime drakes (Lair:5)
  Maggie (D:7)
  7 komodo dragons
  2 polar bears
  Prince Ribbit (Lair:2)
  A spectral elephant (Lair:5)
  2 hornets
  14 blink frogs
  Sigmund (D:6)
  A vampire (Bailey)
  39 yaks
  3 wyverns
  2 basilisks
  2 spectral cane toads (Lair:5)
  Menkaure (D:4)
  4 nagas (Lair:2)
  A floating eye (Lair:1)
  Duvessa (D:5)
  13 water moccasins
  An elephant zombie (Lair:5)
  An orc warrior (D:9)
  2 sky beasts (D:7)
  3 black bears
  3 ogres
  21 wolves
  2 centaurs
  2 elephant skeletons (Lair:5)
  A phantom (D:7)
  Blork the orc (D:6)
  A necrophage (D:5)
  A wyvern zombie (Ossuary)
  8 bullfrogs
  A gnoll sergeant (D:9)
  2 cane toad simulacra (Lair:5)
  10 wights
  2 scorpions (D:7)
  A water moccasin zombie (Ossuary)
  Dowan (D:5)
  6 killer bees (D:8)
  3 elephant simulacra (Lair:5)
  6 vampire bats (Bailey)
  7 wolf zombies (Bailey)
  2 howler monkeys (D:9)
  2 centaur zombies (Ossuary)
  2 hounds
  4 bullfrog zombies (Ossuary)
  9 jellies
  5 orc priests
  A gnoll bouda (D:5)
  An iguana (D:7)
  13 mummies (Ossuary)
  Terence (D:3)
  6 orc wizards
  2 killer bee zombies (Ossuary)
  4 howler monkey zombies (Ossuary)
  10 gnolls
  4 adders
  A shadow imp (D:7)
  3 white imps
  An ufetubus (D:5)
  3 worms
  4 dart slugs
  22 orcs
  4 ball pythons
  7 bats
  6 endoplasms
  2 giant cockroaches
  13 goblins
  6 hobgoblins
  10 jackals
  8 kobolds
  7 quokkas
  3 frilled lizards
  20 orc zombies (Bailey)
  6 rats
  A bush (Lair:5)
447 creatures vanquished.

Vanquished Creatures (others)
  An orc wizard (D:3)
  A bush (Lair:5)
  36 fungi
  43 plants
  47 withered plants
128 creatures vanquished.

Grand Total: 575 creatures vanquished

Notes
Turn   | Place    | Note
-------+----------+-------------------------------------------
     0 | D:1      | browni3141 the Mummy Cinder Acolyte began the quest for the
                  | Orb.
     0 | D:1      | Reached XP level 1. HP: 18/18 MP: 2/2
    34 | D:1      | Found Ahoo's Assorted Antiques.
   136 | D:1      | Found Xenott's Antique Armour Emporium.
   205 | D:1      | Reached XP level 2. HP: 14/24 MP: 3/5
   213 | D:1      | Found Dumatu's Antique Armour Shoppe.
   432 | D:1      | Found Wikhufig's Book Shoppe.
   531 | D:1      | Found Sonaasch's Book Shoppe.
   914 | D:1      | Gained mutation: You are in touch with the powers of death.
                  | [Mummy growth]
   914 | D:1      | Reached XP level 3. HP: 15/29 MP: 8/8
  1038 | D:2      | Learned a level 2 spell: Scorch
  1134 | D:2      | Found a faded altar of an unknown god.
  1298 | D:2      | Found a basalt altar of Yredelemnul.
  1598 | D:2      | Reached XP level 4. HP: 37/37 MP: 5/10
  1614 | D:2      | Reached skill level 4 in Fighting
  2286 | D:3      | Found a sparkling altar of Nemelex Xobeh.
  2369 | D:3      | Found a stormy altar of Qazlal.
  2567 | D:3      | Reached XP level 5. HP: 27/43 MP: 3/11
  2573 | D:3      | Reached skill level 5 in Fighting
  2954 | D:3      | Noticed Terence
  2960 | D:3      | Killed Terence
  3328 | D:4      | Noticed Menkaure
  3338 | D:4      | Killed Menkaure
  3339 | D:4      | Reached skill level 5 in Spellcasting
  3339 | D:4      | Reached XP level 6. HP: 51/51 MP: 8/14
  3744 | D:4      | Found a blossoming altar of Fedhas.
  4037 | D:4      | Found a bloodstained altar of Trog.
  4218 | D:4      | Found an iron altar of Okawaru.
  4252 | D:4      | Found a snail-covered altar of Cheibriados.
  4330 | D:5      | Entered Level 5 of the Dungeon
  4448 | D:5      | Reached skill level 1 in Armour
  4524 | D:5      | Reached XP level 7. HP: 26/56 MP: 0/17
  4727 | D:5      | Found a sacrificial altar of Ru.
  4764 | D:5      | Noticed Duvessa
  4765 | D:5      | Noticed Dowan
  4771 | D:5      | Killed Dowan
  4775 | D:5      | Killed Duvessa
  4954 | D:5      | Found a staircase to the Ecumenical Temple.
  4964 | D:5      | Noticed a yak
  4969 | D:5      | Noticed a yak
  4972 | D:5      | Noticed a yak
  4987 | D:5      | Killed a yak
  4995 | D:5      | Killed a yak
  4996 | D:5      | Killed a yak
  4997 | D:5      | Reached XP level 8. HP: 33/62 MP: 1/20
  5128 | D:5      | Found an opulent altar of Gozag.
  5167 | D:5      | Reached skill level 5 in Armour
  5589 | D:5      | Found Qasasmy's Assorted Antiques.
  5776 | D:5      | Bought a dented bone amulet for 125 gold pieces
  5873 | D:6      | Found a runed translucent gate.
  5873 | D:6      | Found a runed translucent gate.
  5874 | D:6      | Found a runed translucent gate.
  5875 | D:6      | Noticed SirDiesAlot's ghost (novice DsAr)
  5875 | D:6      | Noticed hikkokomori's ghost (novice DsGl)
  5897 | D:6      | Identified the ring of Xoyczamm {rF+ Str+6}
  5908 | D:6      | Found an ancient bone altar of Kikubaaqudgha.
  5946 | D:6      | Noticed Sigmund
  5954 | D:6      | Killed Sigmund
  6014 | D:6      | Found a sand-covered staircase.
  6020 | Ossuary  | Entered an ossuary
  6046 | Ossuary  | Reached XP level 9. HP: 68/68 MP: 10/21
  6471 | Ossuary  | Reached skill level 6 in Fighting
  6932 | D:6      | Noticed Pikel
  6941 | D:6      | Killed Pikel
  7057 | D:6      | Found a radiant altar of Vehumet.
  7223 | D:6      | Noticed Blork the orc
  7229 | D:6      | Killed Blork the orc
  7663 | D:7      | Noticed Maggie
  7668 | D:7      | Reached skill level 7 in Fighting
  7684 | D:7      | Reached skill level 10 in Spellcasting
  7693 | D:7      | Killed Maggie
  7694 | D:7      | Reached skill level 5 in Axes
  7892 | D:7      | Reached XP level 10. HP: 79/79 MP: 10/24
  8303 | D:7      | Found a broken altar of Ashenzari.
  8528 | D:1      | Bought a pair of heavily runed boots for 237 gold pieces
  8528 | D:1      | Identified the +0 pair of boots of Zusur {rC+ rN+ Will+}
                  | (You bought it in a shop on level 1 of the Dungeon)
  8703 | D:8      | Found a burning altar of Makhleb.
  8704 | D:8      | Noticed a blizzard demon
  8704 | D:8      | Noticed an angel
  8947 | D:8      | Found a flagged portal.
  8992 | Bailey   | Entered a bailey
  9330 | Bailey   | Reached skill level 8 in Fighting
  9503 | Bailey   | Noticed a gargoyle
  9527 | Bailey   | Killed a gargoyle
  9528 | Bailey   | Reached skill level 1 in Evocations
  9598 | Bailey   | Identified the +3 chain mail of the Engineer {Str+4 Slay+6}
 10382 | D:9      | Noticed Harold
 10397 | D:9      | Killed Harold
 10456 | D:9      | Noticed a two-headed ogre
 10467 | D:9      | Killed a two-headed ogre
 10681 | D:9      | Reached XP level 11. HP: 29/87 MP: 26/26
 10759 | D:9      | Noticed Erica
 10764 | D:9      | Killed Erica
 10816 | D:9      | Noticed Joseph
 10821 | D:9      | Found a staircase to the Lair.
 10821 | D:9      | Noticed a two-headed ogre
 10826 | D:9      | Killed Joseph
 10826 | D:9      | Killed a two-headed ogre
 11153 | D:10     | Entered Level 10 of the Dungeon
 11153 | D:10     | Noticed Snorg
 11233 | D:10     | Noticed a two-headed ogre
 11277 | Lair:1   | Entered Level 1 of the Lair of Beasts
 11293 | Lair:1   | Reached skill level 9 in Fighting
 11293 | Lair:1   | You fall into a shaft and drop 1 floor!
 11302 | Lair:2   | Noticed a death yak
 11303 | Lair:2   | Noticed a death yak
 11304 | Lair:2   | Noticed a death yak
 11304 | Lair:2   | Noticed a death yak
 11309 | Lair:2   | Noticed a death yak
 11315 | Lair:2   | Killed a death yak
 11317 | Lair:2   | Killed a death yak
 11318 | Lair:2   | Killed a death yak
 11320 | Lair:2   | Killed a death yak
 11326 | Lair:2   | Killed a death yak
 11363 | Lair:1   | Reached skill level 10 in Fighting
 11422 | Lair:1   | Reached XP level 12. HP: 73/97 MP: 28/28
 11587 | Lair:1   | Reached skill level 1 in Dodging
 12813 | Lair:2   | Noticed Prince Ribbit
 12822 | Lair:2   | Killed Prince Ribbit
 12823 | Lair:2   | Reached skill level 11 in Fighting
 12946 | Lair:2   | Noticed a seven-headed hydra
 12965 | Lair:2   | Killed a one-headed hydra
 12997 | Lair:2   | Noticed an eight-headed hydra
 13103 | Lair:2   | Found a staircase to the Snake Pit.
 13150 | Lair:2   | Noticed a five-headed hydra
 13166 | Lair:2   | Killed a one-headed hydra
 13544 | Lair:2   | Killed a four-headed hydra
 13630 | Lair:2   | Found a staircase to the Snake Pit.
 14104 | Lair:3   | Gained mutation: You are strongly in touch with the powers
                  | of death. [Mummy growth]
 14104 | Lair:3   | Reached XP level 13. HP: 88/107 MP: 29/29
 14159 | Lair:3   | Found a staircase to the Swamp.
 14180 | Lair:3   | Reached skill level 12 in Fighting
 14451 | D:1      | Bought a bloodstained helmet for 237 gold pieces
 14451 | D:1      | Identified the +0 helmet of Fun and Games {Str+5} (You
                  | bought it in a shop on level 1 of the Dungeon)
 15415 | Lair:4   | Reached skill level 10 in Armour
 15421 | Lair:4   | Identified the +1 leather armour "Lutaesh" {rC- rCorr
                  | Str+5}
 15473 | Lair:4   | Reached skill level 5 in Dodging
 16029 | Lair:4   | Found a large runed translucent door.
 16045 | Lair:4   | Found a large runed translucent door.
 16049 | Lair:4   | Noticed Ithra's ghost (journeyman OgTm)
 16348 | Lair:5   | Entered Level 5 of the Lair of Beasts
 16583 | Lair:5   | Reached skill level 13 in Fighting
 17083 | Lair:5   | Reached skill level 10 in Axes
 17351 | Lair:5   | Found a staircase to the Slime Pits.
 17409 | Lair:5   | Noticed a dire elephant
 17417 | Lair:5   | Noticed a dire elephant
 17418 | Lair:5   | Noticed a dire elephant
 17724 | Lair:5   | Reached XP level 14. HP: 101/119 MP: 30/30
 17752 | Lair:5   | Identified the +5 flail "Widowmaker" {venom, Fragile Will++
                  | Int+3}
 17799 | Lair:5   | Reached skill level 14 in Fighting
 18162 | Lair:5   | Identified the +8 spear of the Ubiquitous God {spect, rF+}
 18210 | Lair:5   | HP: 2/120 [sun demon[an obsidian statue] (7)]
 18211 | Lair:5   | Slain by a sun demon

Illustrated notes

Levels and vault maps discovered:
D:1:      moated_graveyard_arrival, layout_basic, serial_shops,
          nicolae_shop_window_shopping, nicolae_shop_crystal,
          nicolae_shop_hallway_stairs, nicolae_shop_overgrown_old_shop,
          nicolae_shop_stone, minivault_26, minmay_misc_feat_x,
          corexii_item_surrounded_by_moat, ebering_dispersal_statue_hall
D:2:      layout_rooms, nicolae_ecumenical_oubliette, basic_altar,
          dk_noncrumbling_3
D:3:      layout_loops_corners, general_overflow_altar,
          nemelex_spade_bored_becter, uniq_terence
D:4:      layout_basic, trog_butcher_becter, fedhas_ov_isle_minmay,
          nicolae_overflow_squiral, uniq_menkaure
D:5:      layout_basic, nicolae_overflow_crystal_walls,
          mainiacjoe_overflow_24_doors, mainiacjoe_overflow_surrounded_room,
          minmay_temple_entry_glassed_door, serial_shops, shop, uniq_duvessa
D:6:      layout_cave_pools, elyvilon_altar_5,
          mainiacjoe_overflow_cross_hatched,
          mainiacjoe_overflow_concentric_impassable,
          nicolae_ossuary_entry_ruins, gammafunk_ghost_cemetery, uniq_pikel,
          uniq_sigmund, uniq_blork_the_orc
D:7:      layout_rooms, ashenzari_conservatory_becter, uniq_maggie
D:8:      layout_loops_corners, grunt_temple_overflow_order_and_chaos_2,
          enter_bailey_5, kennysheep_generic_room_7
D:9:      layout_roguey, dpeg_oklobed_lair, chequers_serial_rivers_marsh,
          uniq_joseph, uniq_harold, uniq_erica
D:10:     layout_rooms, mainiacjoe_overflow_six_doors_small,
          ebering_ghost_inner_flame, uniq_snorg
Lair:1:   layout_layer_cave, st_stairs_5, disabler_island
Lair:2:   layout_hall_layers, guppyfry_snake_entry_garden, lemuel_fruit_fields,
          grunt_megastairs_5, uniq_prince_ribbit2
Lair:3:   layout_cave_pods, skrybe_swamp_entry_bodies
Lair:4:   hellmonk_ruined_rings, layout_loops_ring, serial_rivers,
          chequers_serial_rivers_micro_b, chequers_serial_rivers_large_a,
          chequers_serial_rivers_micro_a, chequers_serial_rivers_micro_c,
          ebering_ghost_disaster_area
Lair:5:   due_jungle_book, layout_loops_ring, nicolae_slime_entry_field_trip,
          grunt_megastairs_1

Skill      XL: |  1  2  3  4  5  6  7  8  9 10 11 12 13 14 |
---------------+-------------------------------------------+-----
Spellcasting   | 2 3 4 5 6 8 10 11 12 | 12.0
Fighting       | 4 5 7 8 10 11 13 14 | 14.0
Armour         | 1 4 6 7 8 9 10 | 10.0
Axes           | 3 5 6 8 10 11 | 11.4
Evocations     | 3 4 |  4.0
Dodging        | 4 5 |  5.0
Fire Magic     | |  2.4

Action                     |  1- 3 |  4- 6 |  7- 9 | 10-12 | 13-15 || total
---------------------------+-------+-------+-------+-------+-------++-------
  Melee: Dagger            |   149 |   123 |    30 |       |       ||   302
         Whip              |     5 |       |       |       |       ||     5
         Punch             |       |     1 |       |     7 |    10 ||    18
         War axe           |       |       |    38 |   331 |   334 ||   703
         Hand axe          |       |       |     9 |    17 |    27 ||    53
  Throw: Boomerang         |     5 |     2 |       |       |       ||     7
   Cast: Scorch            |     2 |    67 |   164 |   122 |    22 ||   377
 Invoke: Fiery Armour      |     1 |       |     1 |     4 |     1 ||     7
  Evoke: Wand              |       |       |     5 |     8 |     6 ||    19
         Phantom mirror    |       |       |       |       |     1 ||     1
    Use: Scroll            |       |     6 |     3 |     7 |     8 ||    24
 Armour: Robe              |    42 |    16 |       |       |       ||    58
         Leather armour    |       |    18 |    63 |       |       ||    81
         Acid dragon scale |       |       |     3 |    90 |       ||    93
         Chain mail        |       |       |       |   250 |   249 ||   499
  Dodge: Dodged            |   102 |    71 |   109 |   308 |   257 ||   847

Table legend: (Time is in decaauts)
 A = Elapsed time spent in this place.
 B = Non-inter-level travel time spent in this place.
 C = Inter-level travel time spent in this place.
 D = Time resting spent in this place.
 E = Time spent auto-exploring this place.
 F = Levels seen in this place.
 G = Mean time per level.
                   A        B        C        D        E       F      G
               +--------+--------+--------+--------+--------+-----+--------+
         Total |  18340 |  16844 |   1496 |    988 |  12075 |  17 | 1078.8 |
       Dungeon |   9939 |   8775 |   1164 |    509 |   6305 |  10 |  993.9 |
          Lair |   6574 |   6242 |    332 |    265 |   4578 |   5 | 1314.8 |
       Ossuary |    937 |    937 |      0 |      5 |    754 |   1 |  937.0 |
        Bailey |    889 |    889 |      0 |    209 |    437 |   1 |  889.0 |
               +--------+--------+--------+--------+--------+-----+--------+

Top non-repeatable levels by time:
  Lair:5: 1727 daAuts
  Lair:1: 1604 daAuts
     D:5: 1560 daAuts
     D:3: 1464 daAuts
     D:1: 1214 daAuts
  Lair:2: 1172 daAuts
     D:4: 1119 daAuts
  Lair:4: 1038 daAuts
  Lair:3: 1032 daAuts
     D:2: 970 daAuts
     D:9: 946 daAuts
     D:7: 943 daAuts
 Ossuary: 937 daAuts
     D:8: 899 daAuts
  Bailey: 889 daAuts
